 Dungeon Crawl Stone Soup version 0.29-a0-982-gaed3a0c8d8 (webtiles) character file.

Game seed: 1036168765806858663

262 Newt the Insei (level 6, -3/57 HPs)
             Began as an Octopode Transmuter on Aug 1, 2022.
             Slain by a killer bee (5 damage)
             ... on level 4 of the Dungeon.
             The game lasted 00:05:30 (2200 turns).

Newt the Insei (Octopode Transmuter)                Turns: 2200, Time: 00:05:30

Health: -3/57      AC: 23    Str: 11    XL:     6   Next: 18%
Magic:  8/10       EV:  2    Int: 16    God:
Gold:   129        SH:  0    Dex: 12    Spells: 8/11 levels left

rFire   . . .      SeeInvis +     - Unarmed
rCold   . . .      Faith    .   (no shield)
rNeg    . . .      Spirit   .   (helmet currently unavailable)
rPois   +          Reflect  .   l - amulet of regeneration
rElec   .          Harm     .   g - ring of see invisible
rCorr   .          Rampage  .   (no ring)
Will    .....      NoTele   +   (no ring)
Stlth   ++........              (no ring)
HPRegen 0.99/turn               (no ring)
MPRegen 0.12/turn               (no ring)
                                (no ring)
                                (no ring)

@: lethally poisoned (-3 -> -6), tree-form, wereblooded
A: stationary, stasis, torment immunity, boosted hp, almost no armour,
(amphibious), 8 rings, (camouflage 1), (gelatinous body 1), (nimble swimmer 1),
(tentacles)
a: no special abilities


You were on level 4 of the Dungeon.
You were a tree.
You visited 1 branch of the dungeon, and saw 4 of its levels.

You collected 129 gold pieces.

Inventory:

Jewellery
 g - a ring of see invisible (left branch)
 j - an amulet of the acrobat
 l - an amulet of regeneration (around neck)
Wands
 v - a wand of polymorph (10)
Scrolls
 c - a scroll of summoning {unknown}
 e - a scroll of identify
 i - 2 scrolls of blinking {unknown}
 k - a scroll of enchant armour {unknown}
 m - 3 scrolls of magic mapping {unknown}
 o - a scroll of vulnerability {unknown}
 p - 2 scrolls of fear {unknown}
 q - a scroll of amnesia {unknown}
 t - a scroll of butterflies {unknown}
 u - a scroll of immolation {unknown}
Potions
 a - a potion of lignification
 b - a potion of brilliance
 d - a potion of magic
 f - a potion of attraction
 h - 2 potions of haste {unknown}
 n - 2 potions of might
 r - a potion of mutation {unknown}
 s - a potion of curing {unknown}


   Skills:
 + Level 1.3 Fighting
 + Level 2.6 Dodging
 + Level 2.2 Stealth
 + Level 4.6 Unarmed Combat
 + Level 3.1 Spellcasting
 + Level 3.3 Transmutations


You had 8 spell levels left.
You knew the following spells:

 Your Spells              Type           Power      Damage    Failure   Level
a - Beastly Appendage     Tmut           26%        N/A       4%          1
b - Wereblood             Tmut           13%        N/A       7%          2

Your spell library contained the following spells:

 Spells                   Type           Power      Damage    Failure   Level
 Apportation              Tloc           4%         N/A       19%         1
 Necrotise                Necr           8%         1d4       19%         1
 Summon Small Mammal      Summ           8%         N/A       19%         1
 Static Discharge         Conj/Air       2%         3-4/arc   28%         2
 Spider Form              Tmut/Pois      7%         N/A       28%         3
 Ice Form                 Ice/Tmut       7%         N/A       67%         4
 Dispel Undead            Necr           2%         3d7       88%         4
 Sticky Flame             Conj/Fire      2%         2d3       88%         4
 Summon Forest            Summ/Tloc      1%         N/A       99%         5
 Eringya's Noxious Bog    Tmut/Pois      3%         N/A       100%        6
 Summon Hydra             Summ           1%         N/A       100%        7


Dungeon Overview and Level Annotations

Branches:
Dungeon (4/15)
 Temple: D:4-7

Altars:

Annotations:
D:4 Robin


Innate Abilities, Weirdness & Mutations

You are a tree.
Your roots penetrate the ground, keeping you stationary.
You cannot be teleported.
You are immune to unholy pain and torment.
Your maximum health is greatly increased.
You cannot wear most types of armour.
((You are amphibious.))
You can wear up to eight rings at the same time.
((Your skin changes colour to match your surroundings (Stealth+).))
((Your rubbery body absorbs attacks. (AC +1, EV +1)))
((You are camouflaged when in or above water. (Stealth+)))
((You have tentacles for arms and can constrict up to eight enemies at once.))


Message History

You tentacle-slap the goblin.
You feel a bit better.
You kill the goblin!
You howl as the wereblood boils in your veins!
You hear an angry buzzing noise.
The goblin hits you with a +0 dagger.
You barely miss the goblin. Your grab misses the goblin.
You pierce the goblin.
You feel a bit better.
You kill the goblin!
You hear an angry buzzing noise.
The killer bee stings you!
A killer bee comes into view. x2
The goblin barely misses you.
You miss the killer bee. Your grab misses the killer bee.
The killer bee stings you.
You are poisoned.
The killer bee poisons you! The killer bee stings you.
You are more poisoned.
The killer bee poisons you! The goblin hits you with a +0 dagger.
You barely miss the killer bee. You grab the killer bee.
You howl as the wereblood boils in your veins!
You constrict the killer bee.
You feel very sick.
The killer bee struggles to escape constriction. x2
The goblin hits you but does no damage.
You completely miss the killer bee.
You pierce the killer bee!
You squeeze the killer bee!
You feel a bit better.
You kill the killer bee!
You howl as the wereblood boils in your veins!
Your tentacle spike disappears.
You feel very sick. The killer bee stings you. The killer bee stings you!
* * * LOW HITPOINT WARNING * * *
The killer bee barely misses you. The goblin hits you with a +0 dagger.
* * * LOW HITPOINT WARNING * * *
You have reached level 6!
Really quaff the potion of lignification?
You turn into a tree.
Your roots penetrate the ground.
* * * LOW HITPOINT WARNING * * *
You feel sick. The killer bee stings you.
You die...

.g<.... #>.........#####..†.
....... #..........# #....
....ggg##..........# ##...
....Sgg#...........# ##..
....ygg#S#####...### ###..
#.gog...g# #.#.)######...#
#....yo###o###..#).))).....#
.....o. #go###.###).†)....#
....... ##♣# ..# #........#
.......gg.yy...........#####
....$.......##.......#.#
...##.####.............#
##.##. ##............. ..#.
#.#.........### .... #... .
#..#####... #.....#


You could see 2 killer bees, an orc wizard (invisible), an orc, 2 hobgoblins, 2
goblins and a ball python.

Vanquished Creatures
  A killer bee (D:4)
  A hound (D:4)
  Ijyb (D:4)
  7 gnolls
  3 adders
  A worm (D:2)
  A dart slug (D:1)
  11 orcs
  An endoplasm (D:3)
  5 giant cockroaches (D:2)
  4 goblins
  3 hobgoblins
  2 jackals (D:1)
  4 quokkas
  A ball python (D:2)
  3 bats
  6 kobolds
  4 rats
59 creatures vanquished.

Notes
Turn   | Place    | Note
-------+----------+-------------------------------------------
     0 | D:1      | Newt the Octopode Transmuter began the quest for the Orb.
     0 | D:1      | Reached XP level 1. HP: 13/13 MP: 3/3
   273 | D:1      | Reached XP level 2. HP: 13/18 MP: 5/5
   353 | D:1      | Learned a level 2 spell: Wereblood
   996 | D:2      | Reached XP level 3. HP: 15/23 MP: 4/6
  1083 | D:2      | Found a faded altar of an unknown god.
  1696 | D:3      | Reached XP level 4. HP: 27/28 MP: 0/7
  1699 | D:3      | Reached skill level 1 in Stealth
  1702 | D:3      | Reached skill level 4 in Unarmed Combat
  1706 | D:3      | HP: 1/28 [gnoll/+0 spear (8)]
  2094 | D:4      | Noticed Ijyb
  2104 | D:4      | Killed Ijyb
  2105 | D:4      | Reached XP level 5. HP: 32/33 MP: 5/9
  2184 | D:4      | Noticed Robin
  2199 | D:4      | HP: 1/33 [goblin/+0 dagger[Robin] (2)]
  2200 | D:4      | Reached XP level 6. HP: 2/38 MP: 8/10
  2200 | D:4      | Slain by a killer bee

Illustrated notes

Levels and vault maps discovered:
D:1:      minmay_arrival_five_plusses, layout_loops_ring,
          minmay_large_rounded_square
D:2:      layout_basic, ebering_ecumenical_altar_rust
D:3:      layout_rooms
D:4:      layout_rooms, grunt_ministairs_2, uniq_robin, uniq_ijyb

Skill      XL: |  1  2  3  4  5 |
---------------+----------------+-----
Stealth        | 1 2 |  2.2
Unarmed Combat | 4 |  4.6
Transmutations | 3 |  3.3
Spellcasting   | 3 |  3.1
Fighting       | |  1.3
Dodging        | |  2.6

Action                   |  1- 3 |  4- 6 || total
-------------------------+-------+-------++-------
Melee: Unarmed           |    62 |    54 ||   116
       Constrict         |    19 |    14 ||    33
       Tentacles         |    17 |     6 ||    23
       Kick              |    10 |    14 ||    24
       Punch             |     1 |     1 ||     2
 Cast: Beastly Appendage |     7 |     6 ||    13
       Wereblood         |     5 |     3 ||     8
  Use: Scroll            |     6 |       ||     6
       Potion            |       |     2 ||     2
 Stab: Sleeping          |     5 |     1 ||     6
Armor: Skin              |     6 |     6 ||    12
Dodge: Dodged            |    34 |    52 ||    86

Table legend: (Time is in decaauts)
 A = Elapsed time spent in this place.
 B = Non-inter-level travel time spent in this place.
 C = Inter-level travel time spent in this place.
 D = Time resting spent in this place.
 E = Time spent auto-exploring this place.
 F = Levels seen in this place.
 G = Mean time per level.
                   A        B        C        D        E       F      G
               +--------+--------+--------+--------+--------+-----+--------+
         Total |   2190 |   2083 |    107 |     95 |   1608 |   4 |  547.5 |
       Dungeon |   2190 |   2083 |    107 |     95 |   1608 |   4 |  547.5 |
               +--------+--------+--------+--------+--------+-----+--------+

Top non-repeatable levels by time:
     D:2: 784 daAuts
     D:1: 727 daAuts
     D:3: 486 daAuts
     D:4: 192 daAuts
